 Dungeon Crawl Stone Soup version 0.20.1-1-g8b1a95d (webtiles) character file.

118428 vishdafish the Hand of Fortune (level 17, -16/136 HPs)
             Began as a Formicid Fighter on July 14, 2017.
             Was the Champion of Nemelex Xobeh.
             Demolished by a jumping spider (18 damage)
             ... on level 1 of the Spider Nest.
             The game lasted 01:27:42 (26054 turns).

vishdafish the Hand of Fortune (Formicid Fighter)  Turns: 26054, Time: 01:27:44

Health: -16/136    AC:  0    Str: 24    XL:     17   Next: 31%
Magic:  23/23      EV:  5    Int: 11    God:    Nemelex Xobeh [******]
Gold:   1587       SH:  0    Dex: 13    Spells: 16/16 levels left

rFire    + . .     SeeInvis +   Y - +5 battleaxe
rCold    x . .     Gourm    .   c - +0 shield
rNeg     . . .     Faith    .   V - +1 plate armour {rF+}
rPois    +         Spirit   .   (helmet unavailable)
rElec    .         Reflect  +   y - scarf {repulsion}
rCorr    .         Harm     .   J - +0 pair of gloves of Heresy {rC- MR+ Slay+3}
MR       ++...                  d - +2 pair of boots {Stlth+}
Stlth    ..........             s - +3 amulet of reflection
Regen    0.4/turn               D - ring of poison resistance
MPRegen  0.2/turn               a - +3 ring of slaying

@: corroded, held, repel missiles
A: permanent stasis, dig shafts and tunnels, four strong arms, antennae 3,
iridescent scales 1, clever 1, low mp 2
a: Dig, Shaft Self, Triple Draw, Deal Four, Stack Five, Renounce Religion


You were on level 1 of the Spider Nest.
You worshipped Nemelex Xobeh.
Nemelex Xobeh was exalted by your worship.
You were not hungry.

You visited 5 branches of the dungeon, and saw 26 of its levels.
You also visited: Ossuary and Ice Cave.

You collected 2084 gold pieces.
You spent 497 gold pieces at shops.

Inventory:

Hand Weapons
 N - a +1 arbalest of freezing
 Y - a +5 battleaxe (weapon)
Missiles
 b - 8 bolts
 v - 5 throwing nets (quivered)
Armour
 c - a +0 shield (worn)
 d - a +2 pair of boots of stealth (worn)
 r - a +1 plate armour of poison resistance
 y - a scarf of repulsion (worn)
 J - the +0 pair of gloves of Heresy (worn) {rC- MR+ Slay+3}
   (You bought it in a shop on level 2 of the Orcish Mines)

   It affects your accuracy and damage with ranged weapons and melee attacks
   (+3).
   It makes you vulnerable to cold.
   It affects your resistance to hostile enchantments.
 V - a +1 plate armour of fire resistance (worn)
Jewellery
 a - a +3 ring of slaying (right hand)
 s - a +3 amulet of reflection (around neck)
 D - a ring of poison resistance (left hand)
Wands
 p - a wand of confusion (17/48)
 S - a wand of digging (16/24)
Scrolls
 e - 7 scrolls of amnesia
 g - 5 scrolls of immolation
 h - 8 scrolls of remove curse
 j - a scroll of vulnerability
 k - a scroll of summoning
 l - 4 scrolls of enchant weapon
 m - 3 scrolls of noise
 q - 2 scrolls of fear {unknown}
 t - 5 scrolls of fog
 u - a scroll of silence {unknown}
 A - 3 scrolls of random uselessness
 C - 6 scrolls of enchant armour
 G - 3 scrolls of magic mapping
 O - 2 scrolls of brand weapon {unknown}
 T - 3 scrolls of recharging {unknown}
 X - 3 scrolls of torment {unknown}
Potions
 x - a potion of cancellation
 z - a potion of ambrosia
 B - 3 potions of mutation
 E - 5 potions of agility
 F - 11 potions of curing
 H - a potion of resistance
 I - 3 potions of flight
 M - a potion of might
 P - a potion of lignification
 W - a potion of invisibility
Miscellaneous
 o - an ornate deck of summoning {drawn: 8}
 K - a legendary deck of escape
 R - a phial of floods
 U - a phantom mirror
Comestibles
 f - 3 bread rations
 i - 14 meat rations
 n - 28 fruits
 w - 12 royal jellies


   Skills:
 + Level 13.0 Fighting
 * Level 15.5 Axes
 * Level 10.0 Crossbows
 + Level 12.4 Armour
 - Level 5.2 Dodging
 - Level 9.4 Shields
 * Level 16.0 Invocations


You had 16 spell levels left.
You didn't know any spells.

Dungeon Overview and Level Annotations

Branches:
Dungeon (15/15)            Temple (1/1) D:6            Lair (6/6) D:11
  Swamp (0/4) Lair:2       Spider (2/4) Lair:3        Slime (0/5) Lair:6
    Orc (2/2) D:9             Elf (0/3) Orc:2        Vaults (0/5) D:13
 Depths (0/5) D:15

Altars:
Ashenzari
Cheibriados
Elyvilon
Fedhas
Gozag
Hepliaklqana
Kikubaaqudgha
Nemelex Xobeh
Okawaru
Qazlal
Ru
Sif Muna
Uskayaw
Vehumet
Xom
Yredelemnul
Zin
The Shining One
Beogh

Shops:
D:6 %   D:9 }   D:11 [?=   D:12 *   D:13 *****   Orc:1 (!   Orc:2 =*[(

Portals:
Trove: D:13 (show abyssal rune of Zot)


Innate Abilities, Weirdness & Mutations

You cannot be hasted, slowed, berserked, paralysed or teleported.
You can dig through walls and to a lower floor.
Your four strong arms can wield two-handed weapons with a shield.
You have a pair of large antennae on your head. (SInv)
You are partially covered in iridescent scales. (AC +2)
Your mind is acute. (Int +2)
Your magical capacity is very low. (-20% MP)


Message History

The jumping spider is moderately wounded.
The jumping spider pounces on you!
You are caught in a web!
The jumping spider bites you.
The jumping spider leaps!
You block the jumping spider's attack. The jumping spider bites you.
You slash the jumping spider!
The jumping spider is severely wounded.
The jumping spider pounces on you!!
* * * LOW HITPOINT WARNING * * *
You are caught in a web!
The jumping spider bites you!
* * * LOW HITPOINT WARNING * * *
Unknown command.
Evoke which item? (* to show all) (? for menu, Esc to quit)
You draw a card...
It is the Illusion.
Suddenly you stand beside yourself. The jumping spider pounces on you!
* * * LOW HITPOINT WARNING * * *
You are even more entangled.
The jumping spider bites you.
* * * LOW HITPOINT WARNING * * *
The jumping spider pounces on you!!
You die...
Your body glows with a rainbow of weird colours and disappears.

.###............≈≈#
............####≈#######
.................#.#.≈≈##
...................#..≈≈#
.....................≈≈##
..}..........#.......###
.....................##
................s.....##
.#..............@.....^###
.≈.....................#≈#
.#..........^...@.>...≈≈≈#
.#...........####≈###≈≈≈##
...[...............>.^≈##
....#................###
....#[...............#
....#................#
..................^.##


You could see a jumping spider and the friendly vishdafish's illusion.

Vanquished Creatures
  Kirke (D:14)
  Donald (Orc:2)
  A frost giant (IceCv)
  An orc warlord (Orc:2)
  2 entropy weavers
  A dire elephant (D:15)
  Azrael (Orc:2)
  An ettin (D:14)
  A great orb of eyes (D:14)
  2 hydras
  A fire dragon (Lair:6)
  A centaur warrior (D:15)
  A satyr (D:14)
  An ogre mage (D:15)
  7 two-headed ogres
  4 orc high priests (Orc:2)
  A fire crab (Lair:6)
  2 unseen horrors
  An anaconda (D:14)
  A lindwurm (Lair:6)
  A shambling mangrove (Lair:6)
  4 orc knights (Orc:2)
  3 orb spiders (Spider:1)
  3 deep elf magi
  The ghost of MrModeste the Basher, a novice FoFi (D:5)
  19 ugly things
  5 orc sorcerers (Orc:2)
  3 cyclopes
  6 wolf spiders
  3 manticores
  A salamander (D:15)
  A moth of wrath (Spider:2)
  19 elephants
  Maurice (D:9)
  10 spiny frogs
  6 black mambas
  Psyche (D:8)
  A torpor snail (Lair:3)
  2 molten gargoyles (Lair:6)
  A gargoyle (D:12)
  A rime drake (Lair:5)
  A komodo dragon (shapeshifter) (D:14)
  5 komodo dragons
  A kobold demonologist (D:14)
  A demonic crawler (Spider:1)
  A queen bee (D:14)
  7 trolls
  2 jumping spiders (shapeshifter)
  4 hornets
  A merfolk (Lair:3)
  13 polar bears (IceCv)
  A blink frog (shapeshifter) (D:14)
  9 jumping spiders
  Grinder (D:5)
  6 dream sheep (Lair:5)
  6 slime creatures
  8 hippogriffs
  3 water elementals
  3 vampires
  3 shadows
  22 redbacks
  7 spriggans (D:8)
  4 tarantellas
  11 wyverns
  51 yaks
  A hungry ghost (D:11)
  A wraith (D:14)
  2 fire elementals (Orc:2)
  4 hogs (D:14)
  A basilisk (D:12)
  4 vampire mosquitoes (D:15)
  5 swamp worms (Lair:2)
  12 water moccasins
  3 soldier ants (Spider:2)
  2 wargs
  An acid dragon (D:15)
  9 porcupines
  4 ice beasts
  7 hell hounds
  31 orc warriors
  4 phantoms
  3 sky beasts
  3 eyes of draining
  13 ogres
  13 wolves
  3 boggarts (D:15)
  16 centaurs
  11 crocodiles
  2 big kobolds (D:9)
  18 bullfrogs
  A gnoll sergeant (D:9)
  An earth elemental (D:12)
  2 wyvern skeletons
  A water moccasin skeleton (D:8)
  5 scorpions
  8 wights
  A howler monkey (D:5)
  8 electric eels
  9 crimson imps
  3 lava snakes (Lair:6)
  2 bullfrog zombies
  5 centaur zombies
  4 quasits
  6 hounds
  13 orc priests
  A bullfrog skeleton (D:4)
  6 centaur skeletons
  4 jellies
  11 mummies (Ossuary)
  Ijyb (D:5)
  4 iguanas
  14 worker ants
  23 orc wizards
  A howler monkey zombie (Ossuary)
  9 gnolls
  4 howler monkey skeletons
  10 adders
  2 shadow imps
  An ooze (D:4)
  3 adder zombies (Ossuary)
  4 worms
  3 dart slugs
  4 leopard geckos
  67 orcs
  A ball python (D:1)
  6 giant cockroaches
  6 goblins
  8 hobgoblins
  10 jackals
  18 kobolds
  5 quokkas
  A ball python skeleton (D:5)
  5 bats
  3 frilled lizards
  A giant cockroach zombie (Ossuary)
  3 jackal zombies
  3 quokka zombies
  4 rats
  6 fungi
  5 plants
  A withered plant (Ossuary)
795 creatures vanquished.

Vanquished Creatures (collateral kills)
  A daeva (D:14)
  Roxanne (Spider:1)
  2 entropy weavers (Spider:2)
  4 hydras
  An anaconda (Lair:3)
  A catoblepas (D:13)
  Erica (D:9)
  A queen ant (Spider:2)
  An orc high priest (Orc:2)
  A death yak (IceCv)
  Sonja (Lair:1)
  A necromancer (D:13)
  A deep elf mage (D:12)
  2 oklob plants (Lair:6)
  4 slime creatures
  A molten gargoyle (Lair:6)
  A black mamba (Lair:6)
  A komodo dragon (Lair:6)
  A rime drake (IceCv)
  A yaktaur (Lair:3)
  A demonic crawler (Spider:1)
  A guardian mummy (D:13)
  A troll (D:13)
  4 polar bears (IceCv)
  A jumping spider (Spider:1)
  5 redbacks
  3 tarantellas
  5 yaks
  A vampire (D:13)
  A steam dragon (Lair:6)
  9 soldier ants (Spider:2)
  An orc warrior (Orc:2)
  A black bear (Lair:1)
  A sky beast (D:12)
  An ogre (D:12)
  A bullfrog (Lair:5)
  A scorpion (D:12)
  A wight (D:12)
  An electric eel (Spider:1)
  2 lava snakes (Lair:6)
  2 orc priests (Orc:2)
  An orc wizard (Orc:2)
  4 worker ants (Spider:2)
  2 orcs (Orc:2)
  A plant (Lair:6)
80 creatures vanquished.

Vanquished Creatures (others)
  A hornet (Spider:2)
  2 yaks (IceCv)
  A spriggan (D:8)
  A soldier ant (Spider:2)
  An orc warrior (D:14)
  2 wolves (IceCv)
  3 centaurs
  A jelly (D:14)
  A worm (D:14)
  4 ball lightnings (D:14)
  3 orcs
  A goblin (D:9)
  4 fungi
  10 plants
  2 withered plants (Ossuary)
37 creatures vanquished.

Grand Total: 912 creatures vanquished

Notes
Turn   | Place    | Note
-------+----------+-------------------------------------------
     0 | D:1      | vishdafish the Formicid Fighter began the quest for the Orb.
     0 | D:1      | Reached XP level 1. HP: 18/18 MP: 1/1
   106 | D:1      | Reached XP level 2. HP: 24/24 MP: 2/2
   561 | D:1      | Reached XP level 3. HP: 27/29 MP: 3/3
   783 | D:2      | Reached XP level 4. HP: 37/37 MP: 4/4
  1362 | D:2      | Reached XP level 5. HP: 35/42 MP: 5/5
  1572 | D:3      | Found a sacrificial altar of Ru.
  1848 | D:3      | Reached XP level 6. HP: 41/48 MP: 3/6
  1917 | D:3      | Found a shimmering altar of Xom.
  1958 | D:4      | Got a slimy ring mail
  1969 | D:4      | Identified the +5 ring mail "Minyziru" {rN+ MR- Str+2 Int+5} (You found it on level 4 of the Dungeon)
  2152 | D:4      | Noticed an ogre
  2153 | D:4      | Noticed an ogre
  2198 | D:3      | Reached skill level 5 in Shields
  2493 | D:4      | Reached XP level 7. HP: 55/55 MP: 7/7
  2544 | D:4      | Reached skill level 5 in Armour
  2777 | D:4      | Found an ancient bone altar of Kikubaaqudgha.
  3232 | D:5      | Entered Level 5 of the Dungeon
  3302 | D:5      | Found a sand-covered staircase.
  3307 | Ossuary  | Entered an ossuary
  3379 | Ossuary  | Reached skill level 5 in Axes
  3413 | Ossuary  | Reached skill level 5 in Fighting
  3538 | Ossuary  | Reached XP level 8. HP: 60/62 MP: 8/8
  3701 | Ossuary  | Gained mutation: Your flesh is cold resistant. (rC+) [potion of mutation]
  3701 | Ossuary  | Gained mutation: Your natural rate of healing is unusually fast. [potion of mutation]
  3724 | D:5      | Noticed MrModeste's ghost (novice FoFi)
  3749 | D:5      | Killed MrModeste's ghost
  3816 | D:5      | Reached XP level 9. HP: 69/69 MP: 9/9
  3891 | D:5      | Found a snail-covered altar of Cheibriados.
  3896 | D:5      | Noticed Ijyb
  3903 | D:5      | Killed Ijyb
  3913 | D:5      | Gained mutation: You possess an exceptional clarity of mind. [mutagenic meat]
  3914 | D:5      | Gained mutation: You are partially covered in iridescent scales. (AC +2) [mutagenic meat]
  3916 | D:5      | Gained mutation: You have sharp toenails. [mutagenic meat]
  3921 | D:5      | Noticed Grinder
  3938 | D:5      | Killed Grinder
  4788 | D:6      | Found Ziaxt's Food Shoppe.
  4942 | D:6      | Found a staircase to the Ecumenical Temple.
  4974 | Temple   | Entered the Ecumenical Temple
  5026 | Temple   | Became a worshipper of Nemelex Xobeh the Trickster
  5145 | D:6      | Reached skill level 1 in Invocations
  5172 | D:6      | Received a gift from Nemelex Xobeh
  5285 | D:7      | Found an iron altar of Okawaru.
  5378 | D:7      | Reached skill level 2 in Invocations
  5410 | D:7      | Reached XP level 10. HP: 79/79 MP: 12/12
  5517 | D:7      | Found a shattered altar of Ashenzari.
  5810 | D:8      | Reached skill level 3 in Invocations
  5883 | D:8      | Reached skill level 4 in Invocations
  6017 | D:8      | Reached skill level 5 in Invocations
  6185 | D:8      | Received a gift from Nemelex Xobeh
  6315 | D:8      | Reached * piety under Nemelex Xobeh
  6438 | D:8      | Reached skill level 6 in Invocations
  6584 | D:8      | Noticed Psyche
  6588 | D:8      | Reached XP level 11. HP: 70/86 MP: 15/15
  6589 | D:8      | Killed Psyche
  6840 | D:9      | Found a hazy altar of Hepliaklqana.
  6854 | D:9      | Found a staircase to the Orcish Mines.
  6914 | D:9      | Found Urumuiw's Gadget Shoppe.
  6959 | D:9      | Noticed Erica
  6968 | D:9      | Killed Erica
  7041 | D:9      | Reached skill level 10 in Axes
  7041 | D:9      | Reached skill level 7 in Invocations
  7113 | D:9      | Received a gift from Nemelex Xobeh
  7115 | D:9      | Identified the Disquisition on Frigorific Enchantment
  7121 | D:9      | Found a glowing silver altar of Zin.
  7171 | D:9      | Noticed Maurice
  7183 | D:9      | Killed Maurice
  7241 | D:9      | Found a glowing golden altar of the Shining One.
  7400 | D:9      | Noticed a two-headed ogre
  7401 | D:9      | Noticed a manticore
  7401 | D:9      | a two-headed ogre changed into a manticore
  7405 | D:9      | Killed a manticore
  7410 | D:9      | Found a deep blue altar of Sif Muna.
  7420 | D:9      | Found a stormy altar of Qazlal.
  7655 | D:10     | Entered Level 10 of the Dungeon
  7700 | D:10     | Reached ** piety under Nemelex Xobeh
  8092 | D:10     | Noticed an unseen horror
  8109 | D:10     | Killed an unseen horror
  8109 | D:10     | Reached skill level 8 in Invocations
  8494 | D:11     | Found Giggafor's Magic Scroll Boutique.
  8506 | D:11     | Bought a scroll of identify for 20 gold pieces
  8515 | D:11     | Reached skill level 1 in Dodging
  8557 | D:11     | Found Kyezum's Antique Armour Shoppe.
  8574 | D:11     | Received a gift from Nemelex Xobeh
  8709 | D:11     | Reached XP level 12. HP: 70/95 MP: 18/18
  8760 | D:11     | Noticed a two-headed ogre
  8766 | D:11     | Killed a two-headed ogre
  8818 | D:11     | Found Kual's Jewellery Shop.
  9008 | D:11     | Found a staircase to the Lair.
  9106 | D:11     | Reached skill level 9 in Invocations
  9247 | D:12     | Found a shattered altar of Ashenzari.
  9355 | D:12     | Reached *** piety under Nemelex Xobeh
  9367 | D:12     | Found Ciuzobay's Pet Rocks.
 10059 | Lair:1   | Entered Level 1 of the Lair of Beasts
 10084 | Lair:1   | Noticed Sonja
 10091 | Lair:1   | Killed Sonja
 10091 | Lair:1   | Reached skill level 10 in Invocations
 10221 | Lair:1   | Received a gift from Nemelex Xobeh
 10420 | Lair:1   | Reached XP level 13. HP: 79/103 MP: 20/20
 10485 | Lair:1   | Found a frozen archway.
 10543 | IceCv    | Entered an ice cave
 10675 | IceCv    | Reached skill level 10 in Fighting
 10943 | IceCv    | Reached skill level 11 in Invocations
 11123 | IceCv    | Noticed a frost giant
 11160 | IceCv    | Killed a frost giant
 11218 | IceCv    | Reached skill level 10 in Armour
 11412 | Lair:1   | Reached **** piety under Nemelex Xobeh
 11506 | Lair:1   | Reached skill level 5 in Dodging
 11985 | Lair:2   | Received a gift from Nemelex Xobeh
 12430 | Lair:2   | Found a staircase to the Swamp.
 12986 | Lair:3   | Received a gift from Nemelex Xobeh
 13098 | Lair:3   | Reached skill level 12 in Invocations
 13219 | Lair:3   | Found a hole to the Spider Nest.
 13259 | Lair:3   | Received a gift from Nemelex Xobeh
 13471 | Lair:3   | Noticed a four-headed hydra
 13478 | Lair:3   | Killed a four-headed hydra
 13707 | Lair:4   | Reached XP level 14. HP: 83/111 MP: 23/23
 13764 | Lair:4   | Found a glowing golden altar of the Shining One.
 13764 | Lair:4   | Received a gift from Nemelex Xobeh
 13855 | Lair:4   | Reached skill level 1 in Crossbows
 14175 | Lair:4   | Reached ***** piety under Nemelex Xobeh
 14215 | Lair:4   | Received a gift from Nemelex Xobeh
 14775 | Lair:5   | Received a gift from Nemelex Xobeh
 14827 | Lair:5   | Reached skill level 13 in Invocations
 15317 | Lair:5   | Received a gift from Nemelex Xobeh
 15696 | Lair:6   | Entered Level 6 of the Lair of Beasts
 15858 | Lair:6   | Found a sparkling altar of Nemelex Xobeh.
 16416 | Lair:6   | Found a large runed door.
 16418 | Lair:6   | Found a large runed door.
 16506 | Lair:6   | Reached skill level 5 in Crossbows
 16565 | Lair:6   | Received a gift from Nemelex Xobeh
 16657 | Lair:6   | Reached XP level 15. HP: 119/119 MP: 25/25
 16997 | Lair:6   | Found a staircase to the Slime Pits.
 17563 | Orc:1    | Entered Level 1 of the Orcish Mines
 17566 | Orc:1    | Found a roughly hewn altar of Beogh.
 17588 | Orc:1    | Found a roughly hewn altar of Beogh.
 17593 | Orc:1    | Found Kekula's Distillery.
 17600 | Orc:1    | Found Giuck's Weapon Shop.
 17689 | Orc:2    | Entered Level 2 of the Orcish Mines
 17689 | Orc:2    | Found a staircase to the Elven Halls.
 17801 | Orc:2    | Noticed Donald
 17809 | Orc:2    | Killed Donald
 17845 | Orc:2    | Received a gift from Nemelex Xobeh
 18002 | Orc:2    | Found a roughly hewn altar of Beogh.
 18059 | Orc:2    | Reached skill level 14 in Invocations
 18185 | Orc:2    | Noticed an orc warlord
 18193 | Orc:2    | Killed an orc warlord
 18252 | Orc:2    | Noticed Azrael
 18257 | Orc:2    | Killed Azrael
 18593 | Orc:2    | Found Lourch's Antique Armour Shoppe.
 18594 | Orc:2    | Found Zisioma's Antique Weapon Emporium.
 18649 | Orc:2    | Found Nirchazxo's General Store.
 18649 | Orc:2    | Found Kitimeg's Jewellery Shoppe.
 18682 | Orc:2    | Bought a pair of twisted gloves for 285 gold pieces
 18692 | Orc:2    | Identified the +0 pair of gloves of Heresy {rC- MR+ Slay+3} (You bought it in a shop on level 2 of the Orcish Mines)
 18702 | Orc:2    | Received a gift from Nemelex Xobeh
 19141 | D:13     | Found Gezem's Assorted Antiques.
 19156 | D:13     | Bought a scroll labeled WOAKLI VAURO for 33 gold pieces
 19276 | D:13     | Found a glowing golden altar of the Shining One.
 19295 | D:13     | Received a gift from Nemelex Xobeh
 19448 | D:13     | Found a gate to the Vaults.
 19640 | D:13     | Reached ****** piety under Nemelex Xobeh
 19691 | D:13     | Found Netzax's Assorted Antiques.
 19703 | D:13     | Bought a scroll labeled DIATSAEWOTT for 31 gold pieces
 19703 | D:13     | Bought a scroll labeled FIFIFO TEBA for 31 gold pieces
 19703 | D:13     | Bought a scroll labeled BYBOQI ENIRUO for 31 gold pieces
 19752 | D:13     | Found Zouz's Assorted Antiques.
 19770 | D:13     | Bought a scroll labeled FIFIFO TEBA for 36 gold pieces
 19835 | D:13     | Found Xaqol's Assorted Antiques.
 19935 | D:13     | Found a portal to a secret trove of treasure.
 20042 | D:13     | Found Jaaruef's Assorted Antiques.
 20055 | D:13     | Bought a scroll labeled TAR EGROKLESCH for 30 gold pieces
 20285 | D:14     | Found a white marble altar of Elyvilon.
 20285 | D:14     | Found a runed door.
 20286 | D:14     | Noticed a daeva
 20400 | D:14     | Killed a daeva
 20501 | D:14     | Noticed Kirke
 20513 | D:14     | Killed Kirke
 20513 | D:14     | Reached XP level 16. HP: 113/127 MP: 27/27
 20807 | D:14     | Received a gift from Nemelex Xobeh
 20839 | D:14     | Reached skill level 15 in Invocations
 21256 | D:15     | Entered Level 15 of the Dungeon
 21759 | D:15     | Reached skill level 15 in Axes
 22122 | D:15     | Received a gift from Nemelex Xobeh
 22634 | D:15     | Found a staircase to the Depths.
 23655 | Spider:1 | Entered Level 1 of the Spider Nest
 23731 | Lair:3   | Lost mutation: Your natural rate of healing is unusually fast. [the meddling of Cheibriados]
 23731 | Lair:3   | Gained mutation: You do not regenerate when monsters are visible. [the meddling of Cheibriados]
 23731 | Lair:3   | Gained mutation: Your magical capacity is low. (-10% MP) [the meddling of Cheibriados]
 23731 | Lair:3   | HP: 6/129 [poisoned by a wolf spider]
 23777 | Lair:3   | Lost mutation: You possess an exceptional clarity of mind. [potion of mutation]
 23777 | Lair:3   | Lost mutation: Your flesh is cold resistant. (rC+) [potion of mutation]
 23777 | Lair:3   | Lost mutation: You have sharp toenails. [potion of mutation]
 23777 | Lair:3   | Lost mutation: You do not regenerate when monsters are visible. [potion of mutation]
 23777 | Lair:3   | Gained mutation: Your magical capacity is very low. (-20% MP) [potion of mutation]
 23777 | Lair:3   | Gained mutation: Your mind is acute. (Int +2) [potion of mutation]
 24338 | Spider:1 | Noticed Roxanne
 24340 | Spider:1 | Received a gift from Nemelex Xobeh
 24345 | Spider:1 | Reached XP level 17. HP: 77/135 MP: 23/23
 24647 | Spider:1 | Killed Roxanne
 26003 | Spider:2 | Reached skill level 10 in Crossbows
 26008 | Spider:2 | Reached skill level 16 in Invocations
 26054 | Spider:1 | HP: 2/136 [jumping spider (6)]
 26054 | Spider:1 | Demolished by a jumping spider

Skill      XL: |  1  2  3  4  5  6  7  8  9 10 11 12 13 14 15 16 17 |
---------------+----------------------------------------------------+-----
Axes           | 3 4 5 6 8 9 10 11 12 13 14 15 | 15.5
Shields        | 4 5 6 7 8 9 |  9.4
Armour         | 4 5 6 7 8 9 10 11 12 | 12.4
Fighting       | 4 5 6 7 8 9 10 11 12 13 | 13.0
Invocations    | 2 6 8 10 12 13 14 15 16 | 16.0
Dodging        | 1 3 5 |  5.2
Crossbows      | 5 7 9 10 | 10.0

Action                   |  1- 3 |  4- 6 |  7- 9 | 10-12 | 13-15 | 16-18 || total
-------------------------+-------+-------+-------+-------+-------+-------++-------
Melee: War axe           |    56 |   203 |   321 |   369 |       |       ||   949
       Kick              |       |       |    39 |   181 |    69 |       ||   289
       Battleaxe         |       |       |       |   210 |  1014 |   486 ||  1710
 Fire: Arbalest          |       |       |       |       |     8 |       ||     8
Invok: Deal Four         |       |       |       |       |       |     1 ||     1
 Abil: Dig               |       |       |       |       |     5 |     2 ||     7
Evoke: Deck              |       |       |       |    24 |    50 |    23 ||    97
       Wand              |       |       |       |     2 |     4 |     1 ||     7
       Phantom mirror    |       |       |       |       |     2 |       ||     2
       Phial of floods   |       |       |       |       |     1 |       ||     1
  Use: Scroll            |       |       |     7 |     4 |    12 |     5 ||    28
       Potion            |       |       |     2 |       |    10 |     6 ||    18
 Stab: Invisible         |       |     1 |       |       |       |       ||     1
       Paralysed         |       |     1 |       |       |       |       ||     1
       Distracted        |       |       |       |     2 |     1 |       ||     3
       Petrified         |       |       |       |       |     7 |    14 ||    21
       Held in net/web   |       |       |       |       |       |     1 ||     1
       Petrifying        |       |       |       |       |       |     1 ||     1
  Eat: Chunk             |       |     4 |     8 |    10 |    16 |     4 ||    42
       Bread ration      |       |     1 |     1 |     2 |     4 |     4 ||    12
Armor: Scale mail        |    26 |    75 |       |       |       |       ||   101
       Ring mail         |       |    25 |    57 |   156 |   193 |       ||   431
       Plate armour      |       |       |       |       |   129 |   245 ||   374
Dodge: Dodged            |    20 |    92 |    74 |   148 |   360 |   192 ||   886
       Deflected         |       |       |     2 |     7 |    10 |     3 ||    22
Block: Shield            |    19 |   135 |   155 |   385 |   647 |   363 ||  1704
       Reflection        |       |       |     3 |    29 |    13 |     7 ||    52
